 Dungeon Crawl Stone Soup version 0.32-a0-163-g159c032296 (webtiles) character file.

Game seed: 11006653019579003226

2 Bravepunisher the Ducker (level 1, 11/11 HPs)
             Began as a Spriggan Monk on Feb 11, 2024.
             Quit the game on level 2 of the Dungeon.
             The game lasted 00:01:27 (201 turns).

Bravepunisher the Ducker (Spriggan Monk)             Turns: 201, Time: 00:01:28

Health: 11/11      AC:  2    Str:  7    XL:     1   Next: 33%
Magic:  2/2        EV: 19    Int: 11    God:
Gold:   9          SH:  0    Dex: 17    Spells: 0/0 levels left

rFire   . . .        a - +0 short sword
rCold   . . .        (no shield)
rNeg    . . .        b - +0 robe
rPois   .            (helmet restricted)
rElec   .            (no cloak)
rCorr   .            (gloves unavailable)
SInv    +            (boots unavailable)
Will    .....        (no amulet)
Stlth   ++           (no ring)
HPRegen 0.21/turn    (no ring)
MPRegen 0.08/turn

%: no passive effects
@: very quick
A: very small, no large weapons, unfitting armour, see invisible, speed 3
a: no special abilities


You were on level 2 of the Dungeon.
You visited 1 branch of the dungeon, and saw 2 of its levels.

You collected 9 gold pieces.

Inventory:

Hand Weapons
 a - a +0 short sword (weapon)
Armour
 b - a +0 robe (worn)
Potions
 c - a potion of ambrosia


   Skills:
 + Level 2.4 Fighting
 - Level 3.2 Short Blades
 * Level 4.2 Dodging


You couldn't memorise any spells.
You didn't know any spells.
Your spell library was empty.

Dungeon Overview and Level Annotations

Branches:
Dungeon (2/15)

Altars:

Annotations:
D:2 1 runed translucent door, Crazy Yiuf, Robin


Innate Abilities, Weirdness & Mutations

You are very small and have problems with some larger weapons.
You are too small for most types of armour.
You have supernaturally acute eyesight. (SInv)
You cover ground extremely quickly. (Speed+++)


Message History

The rat misses you. The goblin misses you. The kobold barely misses you.
You barely miss the goblin.
The goblin is severely wounded.
The goblin closely misses you. The rat misses you.
The kobold hits you with a +0 dagger.
You hit the goblin.
You kill the goblin!
The rat bites you but does no damage. The kobold hits you but does no damage.
The rat bites you.
You see here a +0 dagger.
The adder closely misses you. The adder misses you. The adder bites you.
You open the door.
Found 9 gold pieces.
There is an open door here.
There is an open door here.
You open the door.
An adder comes into view.
The adder hisses angrily.
The adder attacks as it pursues you! The adder completely misses you.
You open the door.
A rat comes into view.
Found a leather armour and a book of Minor Magic.
A goblin comes into view. It is wielding a +0 club.
You open the door.
A goblin comes into view. It is wielding a +0 dagger.
The goblin shouts!
You hear a shout!
The goblin shouts!
You hear a shout!
A goblin comes into view. It is wielding a +0 club. x2
A hobgoblin comes into view.
The goblin moves out of view.
The hobgoblin shouts!
Robin, 2 hobgoblins and a bat come into view.
The hobgoblin shouts! x2; The goblin shouts!
You hear a shout! x4
There is an open door here.
A hobgoblin comes into view.
The hobgoblin shouts!
The goblin shouts!
A goblin comes into view. It is wielding a +0 dagger.
A goblin comes into view. It is wielding a +0 club.
Are you sure you want to abandon this character and quit the game? (Confirm with "yes".)

#....#g.. #......g
#...ggg #..g.g#
..b.g......
.gg.#.<.. #.#.#...#
.# #@#.#.#.# .#...#
##'#.#...#..#...#
#....#...#..#...#
#....#......#...#
#....#<..####...#
#....#..........#
#....##..#####..###
#..S.........K.....
#...###..####'#####


You could see Robin, an adder, 3 hobgoblins, 6 goblins and a bat.

Vanquished Creatures
  A goblin (D:2)
  A hobgoblin (D:2)
2 creatures vanquished.

Notes
Turn   | Place    | Note
-------+----------+-------------------------------------------
     0 | D:1      | Bravepunisher the Spriggan Monk began the quest for the
                  | Orb.
     0 | D:1      | Reached XP level 1. HP: 11/11 MP: 2/2
    94 | D:2      | Found a runed translucent door.
    95 | D:2      | Noticed Crazy Yiuf
   199 | D:2      | Noticed Robin
   201 | D:2      | Quit the game

Illustrated notes

Levels and vault maps discovered:
D:1:      matt_arrival_diagonals, layout_basic, serial_shops, shop, minivault_5,
          minmay_tree_intersection, minmay_worlds_worst_comb
D:2:      layout_basic, hellmonk_ecumenical_altar_blasted,
          minmay_quadrilaterals, uniq_robin, uniq_crazy_yiuf_cottage

Action                     || total
---------------------------++-------
  Melee: Short sword       ||     9
 Armour: Robe              ||    10
  Dodge: Dodged            ||    21

Table legend: (Time is in decaauts)
 A = Elapsed time spent in this place.
 B = Non-inter-level travel time spent in this place.
 C = Inter-level travel time spent in this place.
 D = Time resting spent in this place.
 E = Time spent auto-exploring this place.
 F = Levels seen in this place.
 G = Mean time per level.
                   A        B        C        D        E       F      G
               +--------+--------+--------+--------+--------+-----+--------+
         Total |    129 |    129 |      0 |      0 |      5 |   2 |   64.5 |
       Dungeon |    129 |    129 |      0 |      0 |      5 |   2 |   64.5 |
               +--------+--------+--------+--------+--------+-----+--------+

Top non-repeatable levels by time:
     D:2: 108 daAuts
     D:1: 21 daAuts
